 Dungeon Crawl Stone Soup version 0.17-a0-157-g289cc6a (webtiles) character file.

6061 Ngotmuk the Blocker (level 10, -4/84 HPs)
             Began as a Deep Dwarf Fighter on Mar 26, 2015.
             Was an Elder of Ru.
             Slain by an orc warrior
             ... wielding a +0 dire flail
              (14 damage)
             ... on level 9 of the Dungeon.
             The game lasted 00:34:00 (6974 turns).

Ngotmuk the Blocker (Deep Dwarf Fighter)            Turns: 6974, Time: 00:34:00

Health: -4/84      AC: 21    Str: 21    XL:     10   Next: 57%
Magic:  0/10       EV: 10    Int:  9    God:    Ru [****..]
Gold:   563        SH: 11    Dex: 10    Spells: 0 memorised, 9 levels left

rFire  + . .     SeeInvis .     n - +2 flail (protect)
rCold  . . .     Clarity  .     y - +3 scale mail {rPois}
rNeg   . . .     SustAb   .     c - +0 shield
rPois  +         Gourm    .     (helmet restricted)
rElec  .         Spirit   +     d - +0 cloak
rCorr  .         Warding  .     (no gloves)
rMut   .         Stasis   .     (no boots)
MR     +....                    i - amulet of guardian spirit
Stlth  ..........               z - ring of protection from fire
                                v - ring of wizardry

@: non-regenerating, drained, somewhat resistant to hostile enchantments,
extremely unstealthy
A: damage resistance, recharge devices, horns 1, iridescent scales 1, clumsy 1,
frail 1, sense surroundings 2, poison resistance, slow healing 3, weak 1,
evolution 1, no stealth, inability to use devices, disrupted magic 1
a: Device Recharging, Draw Out Power, Power Leap, Renounce Religion


You were on level 9 of the Dungeon.
You worshipped Ru.
Ru was greatly pleased with you.
You were not hungry.

You visited 1 branch of the dungeon, and saw 9 of its levels.

You collected 563 gold pieces.

Inventory:

Hand weapons
 n - a +2 flail of protection (weapon)
Armour
 c - a +0 shield (worn)
 d - a +0 cloak (worn)
 o - a +1 helmet
 y - a +3 scale mail of poison resistance (worn)
Jewellery
 e - a cursed amulet of inaccuracy {unknown}
 i - an amulet of guardian spirit (around neck)
 v - a ring of wizardry (left hand)
 z - a ring of protection from fire (right hand)
Scrolls
 g - a scroll of identify
 j - 6 scrolls of remove curse
 q - 2 scrolls of teleportation
 u - a scroll of immolation
Potions
 b - a potion of invisibility
 k - a potion of haste {unknown}
 l - 2 potions of lignification {unknown}
 m - a potion of magic
 r - a potion of resistance
 B - a potion of agility
Books
 p - a book of Beasts

   Spells                             Type                      Level
   a - Summon Butterflies             Summoning                    1
   b - Call Canine Familiar           Summoning                    3
   c - Summon Ice Beast               Ice/Summoning                4
   d - Summon Mana Viper              Hexes/Summoning              5
   e - Monstrous Menagerie            Summoning                    6
   f - Summon Hydra                   Summoning                    7
Comestibles
 f - 7 bread rations
 h - a meat ration


   Skills:
 + Level 7.1(6.5) Fighting
 * Level 8.6(8.0) Maces & Flails
 + Level 8.8(8.1) Armour
 + Level 5.0(4.4) Dodging
 + Level 9.1(8.4) Shields


You had 9 spell levels left.
You didn't know any spells.

Dungeon Overview and Level Annotations

Branches:
Dungeon (9/15)             Temple (0/1) D:6            Lair (0/8) D:9
    Orc: D:9-12

Altars:
Cheibriados
Elyvilon
Fedhas
Makhleb
Nemelex Xobeh
Qazlal
Ru
Vehumet
The Shining One

Shops:
D:8 (


Innate Abilities, Weirdness & Mutations

You are resistant to damage.
You can recharge devices by infusing magical energy.
You passively map the area around you.
You do not heal naturally.
You cannot be stealthy.
You cannot study or use magical devices.
Your casting is slightly disrupted.
You have a pair of small horns on your head.
You are partially covered in iridescent scales (AC +4).
You are clumsy. (Dex -2)
You are frail (-10% HP).
Your system is resistant to poisons.
You are weak. (Str -2)
You evolve.


Message History

The orc warrior hits you but does no damage.
You block the orc's attack.
You hit the orc. Your headbutt misses the orc.
The orc is heavily wounded.
The orc warrior hits you with a dire flail!
* * * LOW HITPOINT WARNING * * *
You block the orc's attack.
The orc splashes around in the water.
The orc noisily shouts encouragement to no one in particular.
You barely miss the orc warrior.
The orc warrior is moderately wounded.
You block the orc warrior's attack.
You hit the orc warrior but do no damage.
You headbutt the orc warrior.
The orc warrior is heavily wounded.
You hit the orc warrior. Your headbutt misses the orc warrior.
The orc warrior is heavily wounded.
The orc warrior is stunned by your will and fails to attack.
The orc warrior hits you with a dire flail!
You die...

#.## ##.≈≈≈≈.≈.≈.≈≈≈ #..#
#....≈≈≈≈≈≈≈≈≈≈ ##.#
#....≈≈≈≈≈≈≈≈≈. #.#
#..≈≈≈.≈.≈≈≈≈≈? ######'####
##.......≈≈≈≈≈≈≈ #.......#.#
#......≈.≈.≈...≈
#.#.###.#.####
#........≈......
#,#...#.'..###...........[...
,#.###.##..@oo.........#....
,,
#.....######..[.....#######
####### ###.###### , , #.####
* #....# * * ####.## ## #>.#
###. * , ########'#####.'. ,
#..........##).#.


You could see an orc warrior and an orc.

Vanquished Creatures
  Maurice (D:8)
  2 trolls
  Grinder (D:4)
  A hungry ghost (D:8)
  A hippogriff (D:8)
  Edmund (D:5)
  A water moccasin (D:6)
  A wolf (D:9)
  3 orc warriors
  2 phantoms
  2 sky beasts
  An ice beast (D:5)
  Sigmund (D:5)
  Duvessa (D:8)
  7 ogres
  5 centaurs
  2 big kobolds
  A gnoll sergeant (D:6)
  Blork the orc (D:5)
  3 giant frogs
  3 scorpions
  A wyvern skeleton (D:6)
  A water moccasin skeleton (D:9)
  An electric eel (D:9)
  A quasit (D:9)
  4 wights
  3 giant frog zombies
  Dowan (D:8)
  A goliath beetle (D:7)
  14 hounds
  2 iguanas (D:5)
  4 orc priests
  7 crimson imps
  3 jellies
  Crazy Yiuf (D:5)
  2 giant frog skeletons (D:7)
  3 orc wizards
  2 centaur skeletons
  3 worker ants
  A hound skeleton (D:6)
  Robin (D:4)
  5 gnolls (D:6)
  12 adders
  A shadow imp (D:7)
  2 worms
  6 giant mites
  2 adder zombies
  An adder skeleton (D:7)
  10 giant geckos
  An ooze (D:4)
  15 orcs
  A bat skeleton (D:6)
  20 goblins
  15 hobgoblins
  26 jackals
  24 kobolds
  2 quokkas
  A ball python (D:3)
  10 bats
  5 giant cockroaches
  A giant gecko zombie (D:7)
  4 giant newts
  A goblin skeleton (D:4)
  A goblin zombie (D:4)
  5 hobgoblin zombies (D:4)
  A jackal skeleton (D:6)
  A kobold zombie (D:4)
  An orc skeleton (D:7)
  An orc zombie (D:4)
  17 rats
  A ballistomycete (D:7)
  A plant (D:6)
291 creatures vanquished.

Vanquished Creatures (others)
  A giant spore (D:7)
  A quokka (D:8)
2 creatures vanquished.

Grand Total: 293 creatures vanquished

Notes
Turn   | Place    | Note
--------------------------------------------------------------
     0 | D:1      | Ngotmuk, the Deep Dwarf Fighter, began the quest for the Orb.
     0 | D:1      | Reached XP level 1. HP: 20/20 MP: 1/1
    45 | D:1      | Reached XP level 2. HP: 22/27 MP: 2/2
   432 | D:1      | Reached XP level 3. HP: 19/33 MP: 3/3
   536 | D:1      | Found a sparkling altar of Nemelex Xobeh.
   709 | D:2      | Reached skill level 4 in Shields
   891 | D:2      | Reached XP level 4. HP: 13/42 MP: 4/4
  1531 | D:3      | Reached XP level 5. HP: 36/49 MP: 0/5
  2065 | D:4      | Noticed Robin
  2078 | D:4      | Killed Robin
  2102 | D:4      | Noticed Grinder
  2144 | D:4      | Killed Grinder
  2144 | D:4      | Reached skill level 5 in Shields
  2144 | D:4      | Reached XP level 6. HP: 12/57 MP: 0/6
  2251 | D:4      | Reached skill level 5 in Armour
  2270 | D:4      | Noticed a phantom
  2336 | D:4      | Killed a phantom
  2336 | D:4      | Reached XP level 7. HP: 25/64 MP: 0/7
  2386 | D:4      | Found a white marble altar of Elyvilon.
  2386 | D:4      | Found a sacrificial altar of Ru.
  2389 | D:4      | Became a worshipper of Ru the Awakened
  2619 | D:4      | Found a glowing golden altar of the Shining One.
  2769 | D:5      | Entered Level 5 of the Dungeon
  2808 | D:5      | Noticed Sigmund
  2820 | D:5      | Killed Sigmund
  2820 | D:5      | Reached skill level 5 in Maces & Flails
  2838 | D:5      | Reached skill level 6 in Shields
  2874 | D:5      | Reached XP level 8. HP: 40/73 MP: 0/8
  2880 | D:5      | Gained mutation: You evolve. [mutagenic meat]
  2947 | D:5      | Noticed Edmund
  2968 | D:5      | Killed Edmund
  2968 | D:5      | Reached skill level 5 in Fighting
  3099 | D:5      | Found a burning altar of Makhleb.
  3209 | D:5      | Noticed Crazy Yiuf
  3218 | D:5      | Killed Crazy Yiuf
  3285 | D:5      | Noticed Blork the orc
  3300 | D:5      | Killed Blork the orc
  3428 | D:5      | Gained mutation: You are surrounded by a mild repulsion field (EV +2). [evolution]
  3506 | D:6      | Gained mutation: You cannot be stealthy. [Ru sacrifice]
  3544 | D:6      | Found a staircase to the Ecumenical Temple.
  3596 | D:6      | Reached skill level 7 in Shields
  3648 | D:6      | Found a stormy altar of Qazlal.
  3680 | D:6      | Reached skill level 1 in Dodging
  3815 | D:6      | Gained mutation: You passively map the area around you. [level up]
  3815 | D:6      | Reached XP level 9. HP: 28/82 MP: 0/9
  4085 | D:6      | HP: 3/82 [orc priest/divine providence (7)]
  4815 | D:7      | Reached skill level 8 in Armour
  5018 | D:7      | Gained mutation: You cannot study or use magical devices. [Ru sacrifice]
  5018 | D:7      | Acquired Ru's first power
  5018 | D:7      | Acquired Ru's second power
  5018 | D:7      | Acquired Ru's third power
  5091 | D:7      | Found a burning altar of Makhleb.
  5192 | D:7      | Found a snail-covered altar of Cheibriados.
  5460 | D:7      | Gained mutation: You are partially covered in iridescent scales (AC +4). [mutagenic meat]
  5461 | D:7      | Lost mutation: You are surrounded by a mild repulsion field (EV +2). [mutagenic meat]
  5484 | D:7      | Reached XP level 10. HP: 56/92 MP: 8/10
  5662 | D:8      | Found a blossoming altar of Fedhas.
  5691 | D:7      | Gained mutation: You are clumsy. (Dex -2) [potion of mutation]
  5691 | D:7      | Gained mutation: You are frail (-10% HP). [potion of mutation]
  5692 | D:7      | Gained mutation: You are weak. (Str -2) [potion of mutation]
  5692 | D:7      | Gained mutation: You have a pair of small horns on your head. [potion of mutation]
  5692 | D:7      | Gained mutation: Your system is resistant to poisons. [potion of mutation]
  5769 | D:8      | Noticed Prince Ribbit
  5771 | D:8      | Found a radiant altar of Vehumet.
  5772 | D:8      | Found a burning altar of Makhleb.
  5955 | D:8      | Noticed Dowan
  5956 | D:8      | Noticed Duvessa
  5966 | D:8      | Killed Duvessa
  5973 | D:8      | Killed Dowan
  6213 | D:8      | Found Xanad's Antique Weapon Boutique.
  6357 | D:8      | Noticed Maurice
  6403 | D:8      | Killed Maurice
  6646 | D:9      | Reached skill level 9 in Shields
  6759 | D:9      | Gained mutation: Your casting is slightly disrupted. [Ru sacrifice]
  6759 | D:9      | Acquired Ru's fourth power
  6925 | D:9      | Found a staircase to the Lair.
  6944 | D:9      | Reached skill level 5 in Dodging
  6974 | D:9      | Slain by an orc warrior

Action                   |  1- 3 |  4- 6 |  7- 9 | 10-12 || total
-------------------------+-------+-------+-------+-------++-------
Melee: Flail             |   163 |   299 |   668 |   319 ||  1449
Invok: Sacrifice Stealth |       |       |     1 |       ||     1
       Draw Out Power    |       |       |     2 |     5 ||     7
       Sacrifice Artific |       |       |     1 |       ||     1
       Sacrifice Essence |       |       |       |     1 ||     1
Evoke: Wand              |       |    11 |    15 |       ||    26
  Use: Scroll            |       |     4 |     9 |     3 ||    16
       Potion            |       |       |     5 |     4 ||     9
 Stab: Invisible         |       |       |     2 |     2 ||     4
       Distracted        |       |       |     1 |       ||     1
  Eat: Meat ration       |       |     1 |     1 |     1 ||     3
       Pizza             |       |     1 |       |       ||     1
       Beef jerky        |       |       |     3 |       ||     3
       Fruit             |       |       |     2 |       ||     2
       Chunk             |       |       |     3 |       ||     3
       Royal jelly       |       |       |     2 |       ||     2
